cohdb
Replays
Latest Replays
All Replays
Popular Replays
Top Player Replays
Match Explorer
How It Works
Community
CoH3 Stats
Reddit
Sign in to upload your games and track your stats! →
Sign in with Steam
Match 37985097
Unlisted
Match 37985097
Overview
Messages
Build Orders
End
Kradschützen Motorcycle Team
Panzergrenadier Squad
Selects Italian Infantry
Panzergrenadier Squad
Construct Light Support Kompanie
Selects Defensive Operations
2.5-tonne Medical Truck
Fire Support Elements
Panzerjäger Mechanized Group
Flakvierling Half-track
Selects Guastatori Squad
Pak 38 Anti-tank Gun Team
Panzerjäger Squad
le.IG 18 Mechanized Group
Selects Registered Artillery
Registered Artillery
Construct Panzerarmee Kommand
Selects Prepared Positions
Panzer III L Medium Tank
Defender
WadoVice
0
0
Comments
sign in to comment!
No comments posted yet!